 Dungeon Crawl Stone Soup version 0.29.1-12-g30fa7ad0bf (webtiles) character file.

Game seed: 7171893785482157622

1237 EarthwalkerPL the Shield-Bearer (level 8, -4/71 HPs)
             Began as a Minotaur Fighter on Dec 17, 2022.
             Slain by a yak (10 damage)
             ... on level 6 of the Dungeon.
             The game lasted 00:07:45 (4456 turns).

EarthwalkerPL the Shield-Bearer (Minotaur Fighter)  Turns: 4456, Time: 00:07:46

Health: -4/71      AC:  7    Str: 26    XL:     8   Next: 24%
Magic:  7/7        EV: 10    Int:  5    God:
Gold:   215        SH:  5    Dex:  8    Spells: 7/7 levels left

rFire   + . .      SeeInvis .   x - +7 hand axe "Xom's Flight of Fancy" {vamp, Str+4 Dex-3}
rCold   . . .      Faith    .   c - +0 buckler
rNeg    . . .      Spirit   .   b - +0 scale mail
rPois   .          Reflect  .   (helmet restricted)
rElec   .          Harm     .   y - scarf {repulsion}
rCorr   .          Rampage  .   (no gloves)
Will    +....                   (no boots)
Stlth   ..........              (no amulet)
HPRegen 0.21/turn               g - ring of protection from fire
MPRegen 0.10/turn               i - ring of willpower

@: slowed, repel missiles, very slow
A: horns 2, retaliatory headbutt
a: no special abilities


You were on level 6 of the Dungeon.
You visited 2 branches of the dungeon, and saw 7 of its levels.

You collected 215 gold pieces.

Inventory:

Hand Weapons
 a - a +0 war axe
 x - the +7 hand axe "Xom's Flight of Fancy" (weapon) {vamp, Str+4 Dex-3}
   (You found it on level 3 of the Dungeon)

   It occasionally heals its wielder for a portion of the damage dealt when it
   wounds a living foe.
   Str:       It affects your strength (+4).
   Dex:       It affects your dexterity (-3).
Missiles
 h - 4 poisoned darts (quivered)
Armour
 b - a +0 scale mail (worn)
 c - a +0 buckler (worn)
 y - a scarf of repulsion (worn)
Jewellery
 g - a ring of protection from fire (left hand)
 i - a ring of willpower (right hand)
 k - an amulet of magic regeneration
 r - an amulet of guardian spirit
 v - a ring of willpower
Wands
 D - a wand of mindburst (9)
Scrolls
 e - 7 scrolls of teleportation {unknown}
 f - 9 scrolls of identify {unknown}
 n - 6 scrolls of poison {unknown}
 p - 3 scrolls of enchant armour {unknown}
 q - 2 scrolls of noise {unknown}
 s - a scroll of amnesia {unknown}
 t - 2 scrolls of magic mapping {unknown}
 u - a scroll of torment {unknown}
 w - 2 scrolls of immolation {unknown}
 z - 2 scrolls of vulnerability {unknown}
 A - a scroll of enchant weapon {unknown}
 E - a scroll of fear {unknown}
Potions
 d - 4 potions of might
 j - 2 potions of invisibility {unknown}
 l - a potion of cancellation {unknown}
 m - a potion of curing {unknown}
 o - 2 potions of mutation {unknown}
 B - a potion of degeneration {unknown}
 C - 2 potions of heal wounds {unknown}


   Skills:
 * Level 6.6 Fighting
 * Level 5.9 Axes
 * Level 6.6 Armour
 + Level 3.4 Dodging
 * Level 6.8 Shields


You had 7 spell levels left.
You didn't know any spells.
Your spell library contained the following spells:

 Spells                   Type           Power      Damage    Failure   Level
 Foxfire                  Conj/Fire      0%         2x1d4     82%         1
 Sting                    Tmut/Pois      0%         1d3       82%         1
 Poisonous Vapours        Pois/Air       0%         N/A       91%         2
 Conjure Flame            Conj/Fire      0%         6-21      99%         3
 Inner Flame              Hex/Fire       0%         N/A       99%         3
 Flame Wave               Conj/Fire      0%         2d4       100%        4
 Olgreb's Toxic Radiance  Pois           0%         N/A       100%        4


Dungeon Overview and Level Annotations

Branches:
Dungeon (6/15)             Temple (1/1) D:4

Altars:
Ashenzari
Dithmenos
Elyvilon
Gozag
Hepliaklqana
Kikubaaqudgha
Makhleb
Nemelex Xobeh
Qazlal
Ru
Sif Muna
Trog
Uskayaw
Wu Jian
Xom
Yredelemnul
The Shining One


Innate Abilities, Weirdness & Mutations

You have a pair of horns on your head.
You reflexively headbutt those who attack you in melee.


Message History

The wraith hits you! The wraith drains your vigour!
You feel as though you will be slow longer.
You completely miss the wraith. Your headbutt misses the wraith.
The wraith is almost destroyed.
The wraith completely misses you. You furiously retaliate!
You headbutt the wraith, but do no damage.
You block the wraith's attack.
You slash the wraith!
You destroy the wraith!
You slash the yak!
The yak is moderately wounded.
The yak closely misses you. The yak barely misses you.
You hit the yak but do no damage.
The yak is moderately wounded.
The yak gores you.
* * * LOW HITPOINT WARNING * * *
You slash the yak!
You feel better.
You headbutt the yak!
The yak is severely wounded.
The yak gores you. You block the yak's attack.
You barely miss the yak.
The yak is severely wounded.
The yak closely misses you. You furiously retaliate!
You headbutt the yak, but do no damage. The yak gores you.
* * * LOW HITPOINT WARNING * * *
You hit the yak.
The yak is severely wounded.
The yak gores you.
* * * LOW HITPOINT WARNING * * *
You barely miss the yak.
The yak is severely wounded.
The yak gores you but does no damage. The yak gores you!
* * * LOW HITPOINT WARNING * * *
You hit the yak.
You feel better.
The yak is almost dead.
The yak gores you!
* * * LOW HITPOINT WARNING * * *
You completely miss the yak.
The yak is almost dead.
The yak gores you but does no damage. The yak gores you!
You die...

##...)...#
#....<†..#
#........#
#........#
#........#
#..#+#....#
#.# ##.#.#
... #...#
.. ##@.#
#Y## #..#
#######.#
....n.#)#
..Y.s.'.#
......#.#
#######.#
..#


You could see a yak.

Vanquished Creatures
  A wraith (D:6)
  Edmund (D:5)
  A black bear (D:5)
  2 ogres
  A bullfrog (D:6)
  A necrophage (D:6)
  A scorpion (D:6)
  2 orc priests (D:5)
  4 hounds
  2 iguanas
  4 orc wizards (D:5)
  9 adders
  A white imp (D:5)
  An ufetubus (D:5)
  2 worms
  3 dart slugs
  7 orcs
  4 ball pythons
  9 endoplasms
  A giant cockroach (D:2)
  6 goblins
  7 hobgoblins
  8 jackals
  10 kobolds
  2 quokkas
  3 bats
  2 frilled lizards (D:1)
  9 rats
104 creatures vanquished.

Vanquished Creatures (others)
  6 withered plants (D:1)
6 creatures vanquished.

Grand Total: 110 creatures vanquished

Notes
Turn   | Place    | Note
-------+----------+-------------------------------------------
     0 | D:1      | EarthwalkerPL the Minotaur Fighter began the quest for the
                  | Orb.
     0 | D:1      | Reached XP level 1. HP: 19/19 MP: 0/0
   121 | D:1      | Found a faded altar of an unknown god.
   180 | D:1      | Reached XP level 2. HP: 24/27 MP: 1/1
   761 | D:1      | Reached XP level 3. HP: 33/33 MP: 2/2
  1182 | D:2      | Reached skill level 1 in Dodging
  1232 | D:2      | Reached XP level 4. HP: 37/40 MP: 3/3
  2110 | D:3      | Identified the +7 hand axe "Xom's Flight of Fancy" {vamp,
                  | Str+4 Dex-3}
  2153 | D:3      | Found a glowing golden altar of the Shining One.
  2621 | D:4      | Reached XP level 5. HP: 47/47 MP: 4/4
  2664 | D:4      | Found a staircase to the Ecumenical Temple.
  2676 | Temple   | Entered the Ecumenical Temple
  3222 | D:5      | Entered Level 5 of the Dungeon
  3314 | D:5      | Reached skill level 5 in Shields
  3397 | D:5      | Noticed Edmund
  3410 | D:5      | Killed Edmund
  3411 | D:5      | Reached skill level 5 in Fighting
  3411 | D:5      | Reached skill level 5 in Armour
  3411 | D:5      | Reached XP level 6. HP: 33/56 MP: 5/5
  3642 | D:5      | Reached XP level 7. HP: 43/61 MP: 6/6
  3970 | D:5      | Reached skill level 5 in Axes
  4426 | D:6      | Noticed a yak
  4426 | D:6      | Noticed a wraith
  4438 | D:6      | Reached XP level 8. HP: 65/71 MP: 7/7
  4456 | D:6      | Slain by a yak

Illustrated notes

Levels and vault maps discovered:
D:1:      amcnicky_arrival_single_pillar, layout_loops_corners,
          ebering_ecumenical_altar_petrified
D:2:      minmay_door_path, layout_basic, minivault_23
D:3:      layout_basic, tso_oasis_becter
D:4:      layout_cave_pools, minmay_temple_entry_purple_smoke
D:5:      layout_basic, uniq_edmund
D:6:      layout_gridville, minmay_divided_ellipse
Temple:   compressed_dpeg_triangle_lava_temple

Skill      XL: |  1  2  3  4  5  6  7 |
---------------+----------------------+-----
Fighting       | 4 5 6 |  6.6
Shields        | 4 5 6 |  6.8
Armour         | 4 5 6 |  6.6
Axes           | 3 4 5 |  5.9
Dodging        | 1 2 3 |  3.4

Action                   |  1- 3 |  4- 6 |  7- 9 || total
-------------------------+-------+-------+-------++-------
Melee: War axe           |    83 |    44 |       ||   127
       Headbutt          |     7 |    14 |     5 ||    26
       Hand axe          |       |    62 |    60 ||   122
Armor: Scale mail        |    34 |    37 |    26 ||    97
Dodge: Dodged            |    42 |    52 |    28 ||   122
       Repelled          |       |       |     1 ||     1
Block: Buckler           |    18 |    24 |    14 ||    56
